 Dungeon Crawl Stone Soup version 0.28.0-45-g0d030f2227 (webtiles) character file.

Game seed: 874831137365718999

1412 issech the Skirmisher (level 8, -5/80 HPs)
             Began as a Troll Monk on Apr 18, 2022.
             Slain by a two-headed ogre
             ... wielding a +0 giant club
              (18 damage)
             ... on level 5 of the Dungeon.
             The game lasted 00:26:49 (6759 turns).

issech the Skirmisher (Troll Monk)                  Turns: 6759, Time: 00:26:49

Health: -5/80      AC:  5    Str: 20    XL:     8   Next: 43%
Magic:  7/7        EV: 11    Int: 10    God:
Gold:   284        SH:  0    Dex: 14    Spells: 7/7 levels left

rFire   . . .      SeeInvis .   s - +2 spear (vorpal)
rCold   . . .      Faith    +   (no shield)
rNeg    + . .      Spirit   .   b - +0 robe
rPois   .          Reflect  .   (helmet restricted)
rElec   .          Harm     .   f - +0 cloak
rCorr   .          Rampage  .   (gloves unavailable)
Will    +....                   (boots unavailable)
Stlth   ++........              p - amulet "Gohuj" {Faith rN+ Int+4}
HPRegen 1.03/turn               C - ring of willpower
MPRegen 0.10/turn               (no ring)

@: no status effects
A: large, unfitting armour, claws 3, regeneration 1, shaggy fur 1, tough skin 1
a: no special abilities


You were on level 5 of the Dungeon.
You visited 1 branch of the dungeon, and saw 6 of its levels.
You also visited: Sewer.

You collected 284 gold pieces.

Inventory:

Hand Weapons
 a - a +0 mace
 k - a +0 halberd
 n - a +0 long sword
 s - a +2 vorpal spear (weapon)
 I - a +0 flail
 J - a +0 giant club
 K - a +1 halberd of protection
Missiles
 d - 3 javelins (quivered)
 e - 25 bolts
 g - 64 arrows
 j - 119 stones
 l - 14 sling bullets
 o - a boomerang
 t - 3 throwing nets
 w - 14 poisoned darts
Armour
 b - a +0 robe (worn)
 f - a +0 cloak (worn)
 G - a +0 cloak
Magical Staves
 E - a staff of fire
Jewellery
 p - the amulet "Gohuj" (around neck) {Faith rN+ Int+4}
   (You found it on level 3 of the Dungeon)

   [amulet of faith]

   It allows you to gain divine favour quickly.
   Int:       It affects your intelligence (+4).
   rN:        It protects you from negative energy.
 C - a ring of willpower (left claw)
Wands
 B - a wand of iceblast (14)
 F - a wand of polymorph (7)
Scrolls
 c - 2 scrolls of vulnerability {unknown}
 h - 3 scrolls of teleportation {unknown}
 i - a scroll of immolation {unknown}
 q - a scroll of noise {unknown}
 y - a scroll of enchant armour {unknown}
 z - 2 scrolls of enchant weapon {unknown}
 A - a scroll of brand weapon {unknown}
Potions
 m - 2 potions of flight {unknown}
 r - 2 potions of curing {unknown}
 u - 2 potions of resistance {unknown}
 v - a potion of haste {unknown}
 x - a potion of cancellation {unknown}
 D - a potion of brilliance {unknown}
 H - a potion of magic {unknown}


   Skills:
 + Level 5.1 Fighting
 + Level 3.9 Maces & Flails
 + Level 4.8 Polearms
 + Level 0.2 Throwing
 + Level 4.9 Dodging
 + Level 1.6 Stealth


You had 7 spell levels left.
You didn't know any spells.
Your spell library contained the following spells:

 Spells                   Type           Power      Damage    Failure   Level
 Beastly Appendage        Tmut           0%         N/A       36%         1
 Wereblood                Tmut           0%         N/A       50%         2
 Dazzling Flash           Conj/Hex       0%         N/A       75%         3
 Spider Form              Tmut/Pois      0%         N/A       75%         3
 Iskenderun's Mystic Bla  Conj/Tloc      0%         2d3       98%         4
 Starburst                Conj/Fire      0%         6d3       100%        6


Dungeon Overview and Level Annotations

Branches:
Dungeon (6/15)              Sewer (visited)
 Temple: D:4-7

Altars:
Cheibriados
Ru
Vehumet
The Shining One


Innate Abilities, Weirdness & Mutations

You are too large for most types of armour.
You have claws for hands.
Your natural rate of healing is unusually fast.
You are covered in fur. (AC +1)
You have tough skin. (AC +1)


Message History

You now have 284 gold pieces (gained 16).
j - 119 stones (gained 17)
An ogre comes into view. It is wielding a +0 giant spiked club.
The ogre shouts!
A two-headed ogre comes into view. It is wielding two +0 giant clubs.
The two-headed ogre shouts in stereo!
The ogre closely misses you.
You hit the ogre.
The ogre is lightly wounded.
The ogre misses you.
You hit the ogre but do no damage.
The ogre is lightly wounded.
The ogre hits you but does no damage.
There is a stone staircase leading down here.
Reach: s) +2 spear (vorpal)
Press: ? - help, Dir - move target, f - two-headed ogre
Aim: a two-headed ogre, wielding two +0 giant clubs (about 21% to evade your +2 vorpal spear)
You reach to attack!
You hit the two-headed ogre but do no damage.
You hit the two-headed ogre.
The two-headed ogre is lightly wounded.
The two-headed ogre barely misses you.
The two-headed ogre hits you with a +0 giant club!!
You hit the two-headed ogre but do no damage.
The two-headed ogre is lightly wounded.
The two-headed ogre hits you with a +0 giant club!!
The two-headed ogre hits you with a +0 giant club!
* * * LOW HITPOINT WARNING * * *
Reach: s) +2 spear (vorpal)
Press: ? - help, Dir - move target, f/p - two-headed ogre
Aim: a two-headed ogre, wielding two +0 giant clubs (lightly wounded, about 21% to evade your +2 vorpal spear)
You reach to attack!
You completely miss the two-headed ogre.
The two-headed ogre is lightly wounded.
You hit the two-headed ogre but do no damage.
The two-headed ogre is lightly wounded.
The two-headed ogre hits you with a +0 giant club!
* * * LOW HITPOINT WARNING * * *
The two-headed ogre hits you with a +0 giant club!!
You die...

########
##..OO@.##
#..####..##
#..# ##..## #
##..# ##..###
## #).O#
#....#########.
##..##
##.............
#...#
##............
##..##
###.###....).
#...## ###
####...


You could see a two-headed ogre and an ogre.

Vanquished Creatures
  A sky beast (D:6)
  An orc warrior (D:4)
  A necrophage (D:6)
  An ogre (D:6)
  2 phantoms
  2 kobold brigands (Sewer)
  A water moccasin skeleton (D:6)
  A howler monkey (D:5)
  A bullfrog zombie (D:5)
  A hound (D:4)
  A centaur skeleton (D:6)
  2 orc priests
  A gnoll shaman (D:3)
  3 iguanas
  A hound zombie (D:5)
  15 gnolls
  9 adders
  7 river rats (Sewer)
  A white imp (D:6)
  2 worms (D:2)
  4 dart slugs
  8 orcs
  7 endoplasms
  2 giant cockroaches (D:1)
  8 goblins
  8 hobgoblins
  7 jackals
  3 quokkas (D:1)
  8 ball pythons
  5 bats
  10 frilled lizards
  7 kobolds
  5 rats
136 creatures vanquished.

Vanquished Creatures (others)
  14 plants (Sewer)
14 creatures vanquished.

Grand Total: 150 creatures vanquished

Notes
Turn   | Place    | Note
-------+----------+-------------------------------------------
     0 | D:1      | issech the Troll Monk began the quest for the Orb.
     0 | D:1      | Reached XP level 1. HP: 22/22 MP: 0/0
    60 | D:1      | Found a faded altar of an unknown god.
   160 | D:1      | Reached XP level 2. HP: 29/29 MP: 1/1
   650 | D:1      | Reached XP level 3. HP: 36/36 MP: 2/2
   661 | D:1      | Reached skill level 3 in Fighting
  1439 | D:3      | Reached XP level 4. HP: 26/45 MP: 3/3
  1522 | D:2      | Noticed a phantom
  1604 | D:3      | HP: 2/45 [phantom (3)]
  1663 | D:3      | Killed a phantom
  1664 | D:3      | Reached XP level 5. HP: 22/53 MP: 4/4
  1805 | D:3      | Reached skill level 1 in Polearms
  2091 | D:2      | Found a sacrificial altar of Ru.
  2484 | D:2      | Reached XP level 6. HP: 62/62 MP: 5/5
  3027 | D:3      | Identified the amulet "Gohuj" {Faith rN+ Int+4}
  3443 | D:3      | HP: 3/62 [gnoll/+2 vorpal spear (7)]
  3443 | D:3      | HP: 1/62 [gnoll/+2 vorpal spear (2)]
  3941 | D:3      | Found a glowing golden altar of the Shining One.
  3941 | D:3      | Found a radiant altar of Vehumet.
  3944 | D:3      | Found a snail-covered altar of Cheibriados.
  4063 | D:4      | Reached skill level 4 in Fighting
  4063 | D:4      | Found a glowing drain.
  4082 | Sewer    | Entered a sewer
  4236 | Sewer    | Reached XP level 7. HP: 47/70 MP: 6/6
  5480 | D:5      | Entered Level 5 of the Dungeon
  5546 | D:5      | HP: 1/71 [orc warrior/+0 hand axe (17)]
  5946 | D:5      | You fall into a shaft and drop 1 floor!
  6378 | D:6      | Reached XP level 8. HP: 49/79 MP: 7/7
  6464 | D:6      | Reached skill level 5 in Fighting
  6704 | D:5      | Noticed a two-headed ogre
  6759 | D:5      | Slain by a two-headed ogre

Illustrated notes

Levels and vault maps discovered:
D:1:      onia_arrival_mini_maze_b, layout_basic,
          hellmonk_ecumenical_altar_pennies_from_heaven, st_stairs_14,
          minmay_misc_feat_diagonals
D:2:      layout_loops_corners, basic_altar, kennysheep_pointless_box
D:3:      layout_loops_corners, minitemple, kennysheep_generic_room_11
D:4:      layout_basic, portal_sewer_entry_d, grunt_ministairs_7
D:5:      layout_layer_cave, kennysheep_generic_room_16
D:6:      layout_basic, grunt_temple_overflow_order_and_chaos_1, serial_glass,
          glass_columns_b, glass_columns_b, feat_on_display

Skill      XL: |  1  2  3  4  5  6  7  8 |
---------------+-------------------------+-----
Maces & Flails | 3 |  3.9
Fighting       | 3 4 5 |  5.1
Dodging        | 3 4 |  4.9
Polearms       | 1 2 4 |  4.8
Throwing       | |  0.2
Stealth        | |  1.6

Action                   |  1- 3 |  4- 6 |  7- 9 || total
-------------------------+-------+-------+-------++-------
Melee: Mace              |   101 |     8 |       ||   109
       Halberd           |       |   118 |       ||   118
       Spear             |       |   105 |   344 ||   449
       Punch             |       |     1 |     8 ||     9
Throw: Javelin           |       |     7 |       ||     7
       Stone             |       |     2 |       ||     2
 Stab: Sleeping          |       |     5 |     1 ||     6
Armor: Robe              |    30 |    64 |    73 ||   167
Dodge: Dodged            |    61 |   131 |   172 ||   364
